 Dungeon Crawl Stone Soup version 0.17-a0-1996-gd2c0ec8 (webtiles) character file.

32813 Hedron the Grappler (level 13, -2/117 HPs)
             Began as a Troll Chaos Knight on Oct 7, 2015.
             Slain by an 11-headed hydra (6 damage)
             ... on level 5 of the Lair of Beasts.
             The game lasted 01:01:04 (14550 turns).

Hedron the Grappler (Troll Chaos Knight)           Turns: 14550, Time: 01:01:05

Health: -2/117     AC: 13    Str: 24    XL:     13   Next: 33%
Magic:  12/12      EV: 18    Int:  2    God:    Xom [*.....]
Gold:   966        SH:  0    Dex: 12    Spells: 4 memorised, 4 levels left

rFire  . . .     SeeInvis +       - Unarmed
rCold  . . .     Clarity  .     E - +1 robe {MR+}
rNeg   + . .     SustAt   .     (no shield)
rPois  +         Gourm    +     (helmet restricted)
rElec  .         Spirit   .     y - +2 cloak
rCorr  .         Warding  .     (gloves unavailable)
rMut   .         Stasis   .     (boots unavailable)
MR     ++...                    x - amulet of faith
Stlth  +.........               O - +4 ring of evasion
                                k - ring of the Establishment {+Inv rPois rN+ Int-5 SInv}

@: very resistant to hostile enchantments, very unstealthy
A: unfitting armour, claws 3, rough black scales 1, see invisible, deformed
body, fast metabolism 3, frail 1, gourmand, magic resistance 1, regeneration 2,
shaggy fur 1, spit poison 1, tough skin 2
a: Spit Poison, Renounce Religion, Evoke Invisibility


You were on level 5 of the Lair of Beasts.
You worshipped Xom.
You were a special plaything of Xom.
You were full.

You visited 2 branches of the dungeon, and saw 16 of its levels.
You also visited: Ossuary.

You collected 1157 gold pieces.
You spent 175 gold pieces at shops.

Inventory:

Hand Weapons
 H - the +9 whip of the Valley of Death {holy, Dex+6}
   (You found it on level 8 of the Dungeon)

   It has been blessed by the Shining One to cause great damage to the undead
   and demons.
   It affects your dexterity (+6).
 V - a +0 blowgun
Missiles
 g - 12 tomahawks (quivered)
 p - 5 steel tomahawks
 q - 11 javelins
 t - 7 curare-tipped needles
 u - 13 poisoned needles
 J - 2 large rocks
Armour
 y - a +2 cloak (worn)
 E - a +1 robe of magic resistance (worn)
 U - a pearl dragon hide
Jewellery
 k - the ring of the Establishment (left claw) {+Inv rPois rN+ Int-5 SInv}
   (Xom gifted it to you on level 1 of the Lair of Beasts)

   [ring of poison resistance]

   It affects your intelligence (-5).
   It protects you from poison.
   It protects you from negative energy.
   It lets you see invisible.
   It lets you turn invisible.
 s - a +3 ring of protection
 x - an amulet of faith (around neck)
 O - a +4 ring of evasion (right claw)
Wands
 D - a wand of paralysis (7)
 M - a wand of fireball (5)
Scrolls
 e - 4 scrolls of immolation
 j - 3 scrolls of teleportation
 l - 2 scrolls of remove curse
 v - 4 scrolls of recharging
 N - a scroll of magic mapping
 Z - a scroll of fog
Potions
 a - a potion of might
 c - 2 potions of cure mutation
 f - 2 potions of brilliance
 h - 5 potions of ambrosia
 i - a potion of cancellation
 r - 3 potions of curing
 z - 2 potions of agility
 B - a potion of berserk rage
 G - 3 potions of flight
 I - 2 potions of invisibility
 P - a potion of resistance
 S - a potion of lignification
Comestibles
 b - 15 bread rations
 m - 6 beef jerkies
 n - 10 meat rations
 o - 2 fruits
 K - 4 royal jellies


   Skills:
 + Level 9.3 Fighting
 + Level 8.8 Armour
 + Level 9.2 Dodging
 - Level 14.1 Unarmed Combat


You had 4 spell levels left.
You knew the following spells:

 Your Spells              Type           Power        Failure   Level  Hunger
a - Apportation           Tloc           #.........   69%         1    ##.....
b - Blink                 Tloc           N/A          88%         2    ###....
c - Regeneration          Chrm/Necr      #.........   99%         3    ####...
d - Swiftness             Chrm/Air       #.......     88%         2    ###....


Dungeon Overview and Level Annotations

Branches:
Dungeon (11/15)            Temple (0/1) D:5            Lair (5/8) D:10
 Spider (0/4) Lair:4          Orc (0/4) D:10
  Swamp: Lair:3-6    Shoals: Lair:3-6

Altars:
Ashenzari
Dithmenos
Gozag
Kikubaaqudgha
Makhleb
Nemelex Xobeh
Qazlal
Ru
Sif Muna
Trog
Vehumet
Xom
Zin
The Shining One

Shops:
D:10 *

Annotations:
Lair:2 exclusion: oklob plant


Innate Abilities, Weirdness & Mutations

You are too large for most types of armour.
You have claws for hands.
Your metabolism is lightning-fast.
You like to eat raw meat.
You heal very quickly.
You are covered in fur (AC +1).
You have very tough skin (AC +2).
You are partially covered in rough black scales (AC +4, Dex -1).
You have supernaturally acute eyesight.
Armour fits poorly on your strangely shaped body.
You are frail (-10% HP).
You are resistant to hostile enchantments.
You can spit weak poison.


Message History

The 11-headed hydra closely misses you.
The 11-headed hydra completely misses you. x2
The 11-headed hydra closely misses you. The 11-headed hydra bites you!
The 11-headed hydra bites you but does no damage.
The 11-headed hydra bites you. x2
* * * LOW HITPOINT WARNING * * *
The 11-headed hydra bites you!
* * * LOW HITPOINT WARNING * * *
The 11-headed hydra barely misses you.
The 11-headed hydra completely misses you.
The 11-headed hydra closely misses you. The 11-headed hydra bites you!
* * * LOW HITPOINT WARNING * * *
The 11-headed hydra bites you but does no damage.
The 11-headed hydra bites you!
* * * LOW HITPOINT WARNING * * *
The 11-headed hydra bites you but does no damage. x2
The 11-headed hydra completely misses you.
The 11-headed hydra closely misses you. The 11-headed hydra bites you.
You die...
Xom bursts into laughter!

............ .... .......
.........#.#) P.....
....... ...#....#...#
P..... ......
#.#......#...#♣# ......
..P#.
.#..........♣♣≈♣♣♣♣..%...
...##.
##..#.......♣≈≈≈♣≈≈♣.....
.....
##...#..###≈≈≈≈≈≈≈P≈♣♣♣
...#.#
#......#≈#♣≈≈≈≈≈≈≈P≈≈♣♣
......
#.....#♣#≈PPP≈@D≈≈≈≈≈P≈
......
##P...##♣P≈≈P†P≈≈≈≈≈P≈≈
≈P....
###.....♣.≈.≈≈≈PP≈≈≈≈≈≈
#...
#.........≈......≈.≈≈P≈♣
#...
.....#...................
#.P)
....#.#.≈≈≈≈............#
#...
...####≈≈≈♣P≈≈P≈≈.≈≈≈...#
##.. ...
#...≈♣≈≈≈P≈P≈≈≈≈... #P.
#. #...#♣P≈≈♣♣≈≈≈≈.. #..


You could see a 11-headed hydra.

Vanquished Creatures
  Maud (Lair:4)
  Josephine (Lair:4)
  The ghost of PeterLawrence the Basher, a novice MiFi of Okawaru (Lair:1)
  Erica (Lair:1)
  A death yak (Lair:4)
  Urug (Lair:1)
  Sonja (Lair:1)
  Nergalle (Lair:4)
  The ghost of Primus the Blocker, a novice DDFi of Elyvilon (D:8)
  2 unseen horrors
  A cyclops (Lair:2)
  A hill giant (D:10)
  A griffon (Lair:4)
  A guardian serpent (Lair:2)
  4 elephants (Lair:2)
  4 black mambas
  2 torpor snails
  4 komodo dragons
  6 spiny frogs
  2 fire drakes
  9 blink frogs
  29 yaks
  A basilisk (Lair:4)
  4 wraiths (Lair:4)
  A golden eye (Lair:2)
  6 hippogriffs
  2 wolves (D:9)
  3 hungry ghosts
  8 porcupines
  6 water moccasins
  2 black bears
  2 orc warriors
  6 ice beasts
  7 spiders (Lair:4)
  A sky beast (D:8)
  2 ogres
  4 centaurs
  A necrophage (D:11)
  3 phantoms
  A tengu (shapeshifter) (D:9)
  10 crocodiles
  Blork the orc (D:4)
  11 giant frogs
  A wyvern zombie (D:7)
  A wyvern skeleton (D:7)
  6 scorpions
  A water moccasin zombie (D:8)
  2 spriggan skeletons (D:9)
  The ghost of asdu the Grave Robber, a weakling CeNe (D:4)
  2 electric eels
  11 killer bees
  5 wights (D:8)
  7 crimson imps
  A giant frog zombie (D:6)
  3 human zombies (Ossuary)
  2 centaur zombies (Ossuary)
  6 hounds
  5 orc wizards
  7 iguanas
  A giant frog skeleton (D:8)
  6 orc priests
  8 worker ants
  3 centaur skeletons (D:9)
  30 sheep
  3 big kobold zombies (Ossuary)
  A hound skeleton (D:9)
  3 mummies
  A worker ant zombie (D:10)
  13 adders
  8 gnolls
  2 scorpion zombies (Ossuary)
  2 shadow imps
  37 river rats
  An adder zombie (D:8)
  An ooze (D:1)
  2 adder skeletons
  4 worms
  3 giant geckos
  37 orcs
  2 ball pythons
  8 bats
  3 giant cockroaches
  2 gnoll zombies (Ossuary)
  15 goblins
  15 hobgoblins
  3 jackals
  8 kobolds
  5 quokkas
  A giant gecko skeleton (D:5)
  6 giant newts
  2 goblin zombies
  3 hobgoblin zombies
  A kobold zombie (Ossuary)
  An orc zombie (Ossuary)
  2 quokka skeletons
  A quokka zombie (D:8)
  9 rats
  A fungus (Lair:2)
472 creatures vanquished.

Vanquished Creatures (collateral kills)
  An elephant (Lair:2)
  A komodo dragon (Lair:4)
  A blink frog (Lair:4)
  Grum (D:9)
  A spider (Lair:4)
  2 scorpions (Ossuary)
  A big kobold zombie (Ossuary)
  A mummy (Ossuary)
  A shadow imp (D:9)
  A hobgoblin zombie (Ossuary)
11 creatures vanquished.

Vanquished Creatures (others)
  An orb spider (shapeshifter) (Lair:2)
  3 fungi
  5 plants
9 creatures vanquished.

Grand Total: 492 creatures vanquished

Notes
Turn   | Place    | Note
--------------------------------------------------------------
     0 | D:1      | Hedron the Troll Chaos Knight began the quest for the Orb.
     0 | D:1      | Reached XP level 1. HP: 22/22 MP: 0/0
   305 | D:1      | Reached XP level 2. HP: 29/29 MP: 1/1
   639 | D:1      | Reached skill level 4 in Unarmed Combat
   799 | D:2      | Reached XP level 3. HP: 34/36 MP: 2/2
   948 | D:2      | Found a glowing golden altar of the Shining One.
  1303 | D:2      | XOM: harmless Pois miscast
  1459 | D:2      | XOM: silly message
  1469 | D:2      | Found a shattered altar of Ashenzari.
  1535 | D:3      | Reached skill level 5 in Unarmed Combat
  1535 | D:3      | Reached XP level 4. HP: 35/44 MP: 3/3
  1591 | D:3      | Noticed an ice beast
  1601 | D:3      | XOM: divination: detect items
  1607 | D:3      | Killed an ice beast
  1607 | D:3      | Reached skill level 6 in Unarmed Combat
  1607 | D:3      | Reached XP level 5. HP: 50/50 MP: 4/4
  1713 | D:3      | XOM: divination: detect items
  1994 | D:3      | Found a radiant altar of Vehumet.
  2123 | D:3      | XOM: colour smoke trail
  2201 | D:4      | Reached XP level 6. HP: 51/59 MP: 5/5
  2261 | D:4      | Reached skill level 7 in Unarmed Combat
  2352 | D:4      | XOM: cast spell 'Beastly Appendage'
  2397 | D:4      | XOM is BORED!
  2397 | D:4      | XOM: 7-stop teleportation journey
  2423 | D:4      | Noticed asdu's ghost (weakling CeNe)
  2434 | D:4      | Killed asdu's ghost
  2455 | D:4      | Found a sand-covered staircase.
  2494 | Ossuary  | Entered an ossuary
  2506 | Ossuary  | XOM: confusion
  2519 | Ossuary  | Reached skill level 8 in Unarmed Combat
  2519 | Ossuary  | Reached XP level 7. HP: 53/66 MP: 6/6
  2605 | Ossuary  | XOM: enchant monster (good)
  2606 | Ossuary  | XOM: cast spell 'Monstrous Menagerie'
  2673 | Ossuary  | XOM: confusion (+ monsters)
  2687 | Ossuary  | Reached skill level 9 in Unarmed Combat
  2753 | Ossuary  | XOM: harmless Trmt miscast
  2768 | Ossuary  | XOM: scenery: 3 doors close
  2812 | Ossuary  | XOM: noise
  3049 | D:4      | XOM: scenery: create altars
  3163 | D:4      | Reached XP level 8. HP: 60/74 MP: 7/7
  3207 | D:4      | XOM: blink monster(s)
  3275 | D:4      | XOM: harmless Hex miscast
  3278 | D:4      | Noticed a phantom
  3284 | D:4      | Killed a phantom
  3284 | D:4      | Reached skill level 10 in Unarmed Combat
  3322 | D:4      | Noticed an ogre
  3327 | D:4      | Killed an ogre
  3347 | D:4      | XOM: cast spell 'Olgreb's Toxic Radiance'
  3418 | D:4      | XOM: polymorph giant newt -> jackal
  3490 | D:4      | Noticed Blork the orc
  3497 | D:4      | Killed Blork the orc
  3540 | D:4      | Found a shimmering altar of Xom.
  3725 | D:4      | XOM: scenery: 1 doors close
  3771 | D:4      | XOM: silly message
  3807 | D:4      | XOM: silly message
  3818 | D:5      | Entered Level 5 of the Dungeon
  3840 | D:5      | Learned a level 1 spell: Apportation
  3843 | D:5      | Learned a level 2 spell: Blink
  3889 | D:5      | XOM: noise
  3899 | D:5      | Reached skill level 11 in Unarmed Combat
  3941 | D:5      | XOM: harmless Conj miscast
  4134 | D:5      | Found a staircase to the Ecumenical Temple.
  4255 | D:5      | XOM: colour smoke trail
  4351 | D:6      | Found a sacrificial altar of Ru.
  4357 | D:6      | Found an opulent altar of Gozag.
  4418 | D:6      | Found a burning altar of Makhleb.
  4495 | D:6      | XOM: harmless Pois miscast
  4504 | D:6      | Found a shadowy altar of Dithmenos.
  4832 | D:6      | XOM: colour smoke trail
  4863 | D:6      | Reached XP level 9. HP: 80/80 MP: 8/8
  4966 | D:6      | XOM: noise
  5027 | D:6      | Found a bloodstained altar of Trog.
  5036 | D:6      | Reached skill level 12 in Unarmed Combat
  5326 | D:6      | XOM: summons 4 hostile demons
  5327 | D:6      | Noticed an orange demon
  5327 | D:6      | Noticed an orange demon
  5376 | D:6      | XOM: summons 4 hostile demons
  5377 | D:6      | Noticed an orange demon
  5377 | D:6      | Noticed a sixfirhy
  5639 | D:6      | XOM: enchant monster (good)
  5661 | D:6      | XOM: potion effect (invisibility)
  5664 | D:6      | XOM: fog
  5738 | D:7      | XOM: vitrification
  5766 | D:7      | XOM: 1-stop teleportation journey
  5835 | D:7      | Gained mutation: You can spit weak poison. [potion of mutation]
  5835 | D:7      | Gained mutation: You are partially covered in rough black scales (AC +4, Dex -1). [potion of mutation]
  5835 | D:7      | Gained mutation: You possess an exceptional clarity of mind. [potion of mutation]
  5862 | D:7      | XOM: polymorph something unseen -> centaur
  5951 | D:7      | XOM: 3-stop teleportation journey
  6171 | D:7      | Reached skill level 13 in Unarmed Combat
  6332 | D:7      | XOM: harmless Conj miscast
  6361 | D:8      | XOM: mild Summ miscast
  6426 | D:8      | XOM: summons friendly crimson imp
  6494 | D:8      | Found a glowing silver altar of Zin.
  6504 | D:8      | XOM: summons friendly ufetubus
  6619 | D:8      | XOM: medium Conj miscast
  6724 | D:8      | XOM: divination: magic mapping
  6734 | D:8      | Got a steaming whip
  6735 | D:8      | Identified the +9 whip of the Valley of Death {holy, Dex+6} (You found it on level 8 of the Dungeon)
  6748 | D:8      | Noticed Primus's ghost (novice DDFi)
  6759 | D:8      | Killed Primus's ghost
  6759 | D:8      | Reached skill level 14 in Unarmed Combat
  6759 | D:8      | Reached XP level 10. HP: 81/88 MP: 9/9
  6781 | D:8      | XOM: harmless Necr miscast
  6883 | D:8      | Found a stormy altar of Qazlal.
  6984 | D:8      | Reached skill level 1 in Armour
  6993 | D:8      | XOM: summons friendly ufetubus
  7156 | D:8      | XOM: god gift: potion of curing
  7189 | D:8      | XOM: harmless Air miscast
  7200 | D:8      | XOM: harmless Chrm miscast
  7203 | D:8      | XOM: noise
  7457 | D:9      | XOM: cast spell 'Summon Horrible Things'
  7459 | D:9      | XOM: 4-stop teleportation journey
  7512 | D:9      | XOM: medium Summ miscast
  7539 | D:9      | Killed an unseen horror
  7714 | D:9      | XOM: give mutations
  7714 | D:9      | Gained mutation: Armour fits poorly on your strangely shaped body. [Xom's mischief]
  7873 | D:9      | Noticed Grum
  7874 | D:9      | XOM: chaos upgrade
  7884 | D:9      | Killed Grum
  7886 | D:9      | XOM: silly message
  7890 | D:9      | XOM: polymorph wolf -> tengu
  8283 | D:9      | Found a sparkling altar of Nemelex Xobeh.
  8323 | D:9      | XOM: harmless Trmt miscast
  8419 | D:9      | XOM: give mutations
  8419 | D:9      | Lost mutation: You possess an exceptional clarity of mind. [Xom's mischief]
  8419 | D:9      | Gained mutation: You are resistant to hostile enchantments. [Xom's mischief]
  8470 | D:9      | XOM: give mutations
  8470 | D:9      | Gained mutation: Scrolls take you a little longer to read. [Xom's mischief]
  8470 | D:9      | Lost mutation: Scrolls take you a little longer to read. [Xom's mischief]
  8475 | D:9      | XOM: colour smoke trail
  8557 | D:10     | Entered Level 10 of the Dungeon
  8557 | D:10     | Found Siule's General Store.
  8563 | D:10     | Bought a scroll of magic mapping for 35 gold pieces
  8563 | D:10     | Bought a scroll of remove curse for 30 gold pieces
  8563 | D:10     | Bought a potion of invisibility for 80 gold pieces
  8563 | D:10     | Bought a potion of curing for 30 gold pieces
  8572 | D:10     | Found a staircase to the Lair.
  8572 | D:10     | XOM: 1-stop teleportation journey
  8718 | D:10     | XOM: summons 2 hostile shadow creatures
  8771 | D:10     | XOM: 1-stop teleportation journey
  8809 | D:10     | Noticed a hill giant
  8811 | D:10     | XOM: butterfly on damage
  8812 | D:10     | Killed a hill giant
  8876 | D:10     | Found a staircase to the Orcish Mines.
  8877 | D:10     | You fall through a shaft!
  8885 | D:11     | XOM: silly message
  8957 | D:11     | Reached skill level 5 in Fighting
  9074 | D:11     | XOM: summons 1 hostile demon
  9105 | D:10     | Learned a level 3 spell: Regeneration
  9154 | D:10     | XOM: enchant monster (bad)
  9181 | D:10     | XOM: polymorph orc -> river rat
  9289 | D:10     | XOM: divination: detect creatures
  9310 | D:10     | Killed an unseen horror
  9310 | D:10     | Reached XP level 11. HP: 94/104 MP: 10/10
  9548 | D:10     | XOM: give mutations
  9548 | D:10     | Gained mutation: You are frail (-10% HP). [Xom's mischief]
  9713 | Lair:1   | Entered Level 1 of the Lair of Beasts
  9713 | Lair:1   | XOM: blink monster(s)
  9721 | Lair:1   | Reached skill level 5 in Dodging
  9727 | Lair:1   | XOM: stat loss: -1 Int (7/8)
  9729 | Lair:1   | XOM: fog
  9776 | Lair:1   | XOM: divination: detect creatures
  9781 | Lair:1   | XOM: fog
  9846 | Lair:1   | Noticed Erica
  9858 | Lair:1   | Killed Erica
  9904 | Lair:1   | Noticed PeterLawrence's ghost (novice MiFi)
  9934 | Lair:1   | XOM: summons friendly smoke demon
  9941 | Lair:1   | XOM: divination: detect creatures
 10020 | D:10     | XOM: give mutation
 10020 | D:10     | Gained mutation: You have supernaturally acute eyesight. [Xom's grace]
 10079 | Lair:1   | Killed PeterLawrence's ghost
 10163 | Lair:1   | XOM: god gift: warped brass ring {god gift}
 10166 | Lair:1   | Reached skill level 5 in Armour
 10182 | Lair:1   | Got a warped brass ring {god gift}
 10184 | Lair:1   | Identified the ring of the Establishment {+Inv rPois rN+ Int-5 SInv} (Xom gifted it to you on level 1 of the Lair of Beasts)
 10304 | Lair:1   | XOM: harmless Divn miscast
 10307 | Lair:1   | Noticed Urug
 10311 | Lair:1   | XOM: confusion
 10313 | Lair:1   | XOM: 3-stop teleportation journey
 10362 | Lair:1   | XOM: harmless Chrm miscast
 10368 | Lair:1   | XOM: enchant monster (good)
 10369 | Lair:1   | XOM: confusion (+ monsters)
 10385 | Lair:1   | XOM: confuse monster(s)
 10388 | Lair:1   | XOM: enchant monster (good)
 10402 | Lair:1   | XOM: divination: detect creatures
 10467 | Lair:1   | Noticed Sonja
 10476 | Lair:1   | Killed Sonja
 10555 | Lair:1   | XOM: enchant monster (bad)
 10562 | Lair:1   | Killed Urug
 10722 | Lair:2   | XOM: 3-stop teleportation journey
 10728 | Lair:2   | XOM: swap monsters
 10729 | Lair:2   | XOM: god gift: ivory ring {god gift}
 10735 | Lair:2   | XOM: polymorph yak -> orb spider
 10739 | Lair:2   | XOM: divination: magic mapping
 10742 | Lair:2   | XOM: enchant monster (good)
 10745 | Lair:2   | XOM: summons friendly white imp
 10752 | Lair:2   | XOM: divine lightning (protected)
 10809 | Lair:2   | XOM: enchant monster (good)
 10816 | Lair:2   | XOM: confusion (+ monsters)
 10831 | Lair:2   | XOM: 1-stop teleportation journey
 10862 | Lair:2   | XOM: polymorph spiny frog -> guardian serpent
 10918 | Lair:2   | Found an ancient bone altar of Kikubaaqudgha.
 11002 | Lair:2   | XOM: torment (39/98 hp)
 11015 | Lair:2   | Reached XP level 12. HP: 38/106 MP: 11/11
 11016 | Lair:2   | XOM: polymorph elephant -> cyclops
 11139 | Lair:2   | XOM: summons friendly ufetubus
 11271 | Lair:2   | XOM: polymorph spiny frog -> golden eye
 11277 | Lair:2   | XOM: confuse monster(s)
 11328 | Lair:2   | XOM: polymorph iguana -> river rat
 11392 | Lair:2   | Learned a level 2 spell: Swiftness
 11498 | Lair:3   | XOM: snakes to sticks
 11627 | Lair:3   | XOM: 2-stop teleportation journey
 11658 | Lair:3   | XOM: 1-stop teleportation journey
 11839 | Lair:3   | XOM: confuse monster(s)
 11841 | Lair:3   | XOM: god gift: naga barding {god gift}
 12106 | Lair:3   | Drew Focus: Str increased to 24, Int decreased to 7
 12150 | Lair:3   | XOM: scenery: 1 doors open
 12168 | Lair:3   | XOM: vitrification
 12385 | Lair:4   | XOM: snakes to sticks
 12386 | Lair:4   | XOM: summons 7 friendly demons
 12500 | Lair:4   | XOM: blink monster(s)
 12565 | Lair:4   | XOM: noise
 12729 | Lair:4   | XOM: blink monster(s)
 12744 | Lair:4   | Noticed Nergalle
 12747 | Lair:4   | XOM: mild Chrm miscast
 12760 | Lair:4   | Killed Nergalle
 12835 | Lair:4   | Noticed Josephine
 12841 | Lair:4   | XOM: harmless Trmt miscast
 12849 | Lair:4   | Killed Josephine
 12865 | Lair:4   | XOM: harmless Pois miscast
 13023 | Lair:4   | Found a deep blue altar of Sif Muna.
 13046 | Lair:4   | Found a hole to the Spider Nest.
 13052 | Lair:4   | XOM: summons friendly white imp
 13223 | Lair:4   | Reached XP level 13. HP: 117/117 MP: 12/12
 13265 | Lair:4   | XOM: mild Air miscast
 13280 | Lair:4   | Noticed Maud
 13305 | Lair:4   | XOM: medium Chrm miscast
 13311 | Lair:4   | Killed Maud
 13321 | Lair:4   | XOM: medium Pois miscast
 13552 | Lair:4   | XOM: mild Air miscast
 13682 | Lair:4   | XOM: mild Chrm miscast
 13729 | Lair:4   | XOM: severe Divn miscast
 13984 | Lair:5   | XOM: blink monster(s)
 14000 | Lair:5   | XOM: repel stairs
 14012 | Lair:5   | XOM: enchant monster (bad)
 14183 | Lair:5   | XOM: silly message
 14270 | Lair:5   | XOM: confusion (+ monsters)
 14286 | Lair:5   | XOM: enchant monster (good)
 14385 | Lair:5   | XOM: god gift: 23 stones
 14460 | Lair:5   | XOM: divination: detect items
 14544 | Lair:5   | XOM: mild Erth miscast
 14550 | Lair:5   | HP: 4/117 [11-headed hydra (9)]
 14550 | Lair:5   | Slain by an 11-headed hydra

Vault maps used:
D:1:      dpeg_arrival_tiny_a, fountainhead, st_stairs_6
D:2:      nicolae_tso_swordbearing_angel, nicolae_ashenzari_panopticon
D:3:      lemuel_coloured_pillars_altar, first_bread, st_stairs_1
D:4:      corexii_shantytown, lemuel_crystal_altar, nicolae_ossuary_entry_giza,
          saegor_snake_ambush, uniq_blork_the_orc
D:6:      nicolae_dithmenos_through_a_glass_darkly, old_standard_altar,
          grunt_temple_overflow_open, trog_butcher_becter
D:8:      old_standard_altar, old_standard_altar
D:9:      lemuel_round_altar, hangedman_tell_no_tales, uniq_grum
D:10:     minmay_lair_entry_lava, david_orc_2, serial_shops, shop_statue
D:11:     serial_bayou, serial_bayou_shore_b, serial_bayou_crossing,
          serial_bayou_lagoon_a, serial_bayou_shore_a, minivault_7
Lair:1:   serial_bayou_lake_a, serial_bayou_shore_b, serial_bayou_shore_b,
          uniq_urug, uniq_erica, uniq_sonja
Lair:2:   lemuel_oklob_altar, grunt_megastairs_2
Lair:3:   eino_small_chamber_without_monster
Lair:4:   spider_nest_entry_a, basic_altar, uniq_maud, uniq_nergalle,
          uniq_josephine
Lair:5:   serial_bayou_ford_a
Ossuary:  ossuary_minmay_scorpions

Action                   |  1- 3 |  4- 6 |  7- 9 | 10-12 | 13-15 || total
-------------------------+-------+-------+-------+-------+-------++-------
Melee: Unarmed           |    91 |   138 |   385 |   777 |   174 ||  1565
 Fire: Blowgun           |       |       |       |     1 |     3 ||     4
 Abil: Spit Poison       |       |       |     1 |       |       ||     1
Evoke: Wand              |       |       |       |     1 |     8 ||     9
       Deck              |       |       |       |     7 |       ||     7
  Use: Scroll            |     7 |     3 |    20 |     6 |     3 ||    39
       Potion            |       |       |     1 |     4 |     6 ||    11
 Stab: Sleeping          |       |     1 |     2 |       |       ||     3
       Invisible         |       |       |     1 |       |       ||     1
       Paralysed         |       |       |       |     5 |     3 ||     8
       Confused          |       |       |       |     4 |     2 ||     6
       Petrifying        |       |       |       |     1 |       ||     1
       Distracted        |       |       |       |     1 |       ||     1
  Eat: Chunk             |    14 |    11 |    31 |    54 |    13 ||   123
       Pizza             |       |       |     2 |       |     1 ||     3
       Fruit             |       |       |     3 |     3 |       ||     6
       Royal jelly       |       |       |     1 |     2 |       ||     3
